 Dungeon Crawl Stone Soup version 0.27-a0-1555-g0e7b3fb1d2 (webtiles) character file.

Game seed: 14293320599806003263

8824 avis the Grappler (level 11, -3/75 HPs)
             Began as an Octopode Transmuter on July 14, 2021.
             Was an Initiate of Gozag.
             Slain by a tengu warrior (6 damage)
             ... on level 10 of the Dungeon on July 15, 2021.
             The game lasted 01:29:19 (16834 turns).

avis the Grappler (Octopode Transmuter)            Turns: 16834, Time: 01:29:20

Health: -3/75      AC:  2    Str: 14    XL:     11   Next: 36%
Magic:  11/15      EV: 23    Int: 15    God:    Gozag
Gold:   123        SH:  0    Dex: 17    Spells: 1/16 levels left

rFire    + + .     SeeInvis +     - Unarmed
rCold    x . .     Faith    .   (shield currently unavailable)
rNeg     . . .     Spirit   .   (helmet currently unavailable)
rPois    .         Reflect  .   a - amulet "Jumom" {Acrobat +Inv rF+}
rElec    .         Harm     .   h - ring of see invisible
rCorr    .         Rampage  .   f - ring of poison resistance
Will     .....                  q - ring of fire
Stlth    ++........             M - +4 ring of slaying
HPRegen  0.22/turn              (no ring)
MPRegen  0.14/turn              (no ring)
                                (no ring)
                                (no ring)

@: spider-form (expiring), gold aura
A: venomous fangs, almost no armour, (amphibious), 8 rings, tiny, (camouflage
1), (gelatinous body 1), (nimble swimmer 1), (tentacles)
a: End Transformation, Renounce Religion, Evoke Invisibility, Potion Petition,
Call Merchant, Bribe Branch


You were on level 10 of the Dungeon.
You worshipped Gozag.
Gozag was aware of your devotion.
You were a venomous arachnid creature.
You visited 2 branches of the dungeon, and saw 11 of its levels.

You collected 1106 gold pieces.
You spent 855 gold pieces at shops.
You paid 128 gold pieces to Gozag.

Inventory:

Hand Weapons
 b - a +2 hand crossbow of flaming
 w - the +8 demon blade "Leech" {vamp, *Rage +Rage rN+}
   (You found it on level 5 of the Dungeon)

   It heals its wielder for a portion of the damage dealt every time it strikes
   a living foe.
   rN:        It protects you from negative energy.
   +Rage:     It lets you go berserk.
   *Rage:     It may make you go berserk in combat.
Missiles
 d - 142 bolts
 e - 35 arrows
Armour
 x - a +0 buckler (melded)
Jewellery
 a - the amulet "Jumom" (around neck) {Acrobat +Inv rF+}
   (You bought it in a shop on level 3 of the Dungeon)

   [amulet of the acrobat]

   It increases your evasion while moving and waiting.
   rF:        It protects you from fire.
   +Inv:      It lets you turn invisible.
 f - a ring of poison resistance (right front leg)
 h - a ring of see invisible (left front leg)
 q - a ring of fire (on tentacle)
 M - a +4 ring of slaying (on tentacle)
Wands
 r - a wand of paralysis (6)
 t - a wand of digging (4)
Scrolls
 c - a scroll of fog
 l - a scroll of brand weapon
 s - 2 scrolls of blinking
 A - 2 scrolls of magic mapping
 B - 2 scrolls of silence
 C - 3 scrolls of fear
 F - 2 scrolls of teleportation
Potions
 g - a potion of magic
 i - a potion of berserk rage
 j - a potion of ambrosia {unknown}
 k - a potion of might {unknown}
 n - 2 potions of resistance
 o - 3 potions of curing
 p - 4 potions of heal wounds
 u - a potion of flight {unknown}
 z - 2 potions of brilliance
 E - a potion of cancellation
Miscellaneous
 m - a phantom mirror


   Skills:
 - Level 7.0 Fighting
 + Level 6.5 Dodging
 - Level 3.0 Stealth
 - Level 4.0 Shields
 - Level 11.0 Unarmed Combat
 - Level 3.0 Spellcasting
 - Level 7.0 Transmutations
 - Level 4.0 Ice Magic
 - Level 2.0 Poison Magic
 - Level 3.0 Evocations


You had one spell level left.
You knew the following spells:

 Your Spells              Type           Power      Damage    Failure   Level
a - Beastly Appendage     Tmut           46%        N/A       5%          1
p - Spider Form           Tmut/Pois      7%         N/A       24%         3
q - Ice Form              Ice/Tmut       18%        N/A       41%         4
D - Dragon Form           Tmut           11%        N/A       100%        7

Your spell library contained the following spells:

 Spells                   Type           Power      Damage    Failure   Level
 Wereblood                Tmut           23%        N/A       7%          2
 Ignite Poison            Fire/Tmut/Pois 16%        N/A       36%         3
 Static Discharge         Conj/Air       2%         N/A       52%         2
 Mephitic Cloud           Conj/Pois/Air  4%         N/A       65%         3
 Gell's Gravitas          Tloc           1%         N/A       73%         3
 Lesser Beckoning         Tloc           1%         N/A       73%         3
 Teleport Other           Tloc           2%         N/A       73%         3
 Airstrike                Air            1%         N/A       97%         4
 Cause Fear               Hex            1%         N/A       97%         4
 Summon Lightning Spire   Summ/Air       2%         N/A       97%         4
 Bolt of Magma            Conj/Fire/Erth 1%         4d4       100%        5
 Lightning Bolt           Conj/Air       1%         1d12      100%        5
 Maxwell's Capacitive Co  Air            1%         ∞         100%        8
 Dragon's Call            Summ           1%         N/A       100%        9


Dungeon Overview and Level Annotations

Branches:
Dungeon (10/15)            Temple (1/1) D:7
   Lair: D:8-11         Orc: D:9-12

Altars:
Ashenzari
Cheibriados
Dithmenos
Elyvilon
Fedhas
Gozag
Hepliaklqana
Kikubaaqudgha
Makhleb
Nemelex Xobeh
Okawaru
Qazlal
Ru
Sif Muna
Trog
Uskayaw
Vehumet
Wu Jian
Xom
Yredelemnul
Zin
The Shining One

Shops:
D:3 *   D:6 ?=[(

Annotations:
D:4 1 runed translucent door, SkiChan's ghost, novice MiFi
D:5 1 runed translucent door, Laraso's ghost, weakling TeDe


Innate Abilities, Weirdness & Mutations

You are a venomous arachnid creature.
You have poisonous fangs.
You are tiny and dextrous.
Your spellcasting is less reliable in this form.
Your armour is entirely melded.
You are incapable of wielding weapons or throwing items.
You cannot wear most types of armour.
((You are amphibious.))
You can wear up to eight rings at the same time.
((Your skin changes colour to match your surroundings (Stealth+).))
((Your rubbery body absorbs attacks. (AC +1, EV +1)))
((You are camouflaged near water. (Stealth+)))
((You have tentacles for arms and can constrict up to eight enemies at once.))


Message History

The deep elf pyromancer is almost dead.
You are covered in liquid flames!
You kill the deep elf pyromancer!
A deep elf pyromancer comes into view. It is wielding a +0 short sword.
Your magical contamination has completely faded away.
You are covered in liquid flames!
The deep elf pyromancer gestures wildly while chanting.
The deep elf pyromancer blinks!
Things that are here:
6 gold pieces; a +2 dagger of electrocution You bite the deep elf pyromancer!
The deep elf pyromancer is lightly wounded.
A centaur warrior comes into view.
The tengu warrior is distracted by your dazzling golden aura.
The deep elf pyromancer misses you.
The tengu warrior shouts!
You bite the deep elf pyromancer!
The deep elf pyromancer is poisoned.
The deep elf pyromancer is heavily wounded.
The tengu warrior is no longer distracted by gold.
The deep elf pyromancer casts a spell at you.
The bolt of fire misses you.
You bite the deep elf pyromancer!
The deep elf pyromancer looks as sick as possible!
The deep elf pyromancer is severely wounded.
The tengu warrior hits you with a +0 great sword!
The tengu warrior closely misses you. The tengu warrior claws you.
You bite the tengu warrior!
The tengu warrior is poisoned.
The tengu warrior is lightly wounded.
The deep elf pyromancer closely misses you.
The tengu warrior closely misses you. x2; The tengu warrior misses you.
You bite the centaur warrior!
The centaur warrior is poisoned.
The centaur warrior is moderately wounded.
The centaur warrior hits you! The centaur warrior kicks you.
The deep elf pyromancer hits you with a +0 short sword.
A vampire comes into view.
The tengu warrior hits you with a +0 great sword!!
* * * LOW HITPOINT WARNING * * *
The tengu warrior pecks you.
You die...
Your body crumbles into a pile of gold.

##
########...###.....##
#. #.[.##.......# #.
#.[...........# ..
#)[<..........# $ #.
#.............# #.
#.............#
###.###...#.........#
##..ce.##..##.......##
#...Qs$.##...........
#.V#.#.#..##......(..
#######..#..<.....
.#.....#..#........
#.......#..........
.#.....#..#.#......
#######..#.##.....
#..##.# ##### ...##..#


You could see a tengu warrior (very poisoned), a centaur warrior (very
poisoned), a deep elf pyromancer (extremely poisoned) and a vampire.

Vanquished Creatures
  A boulder beetle (D:10)
  Pikel (D:8)
  A deep elf pyromancer (D:10)
  A gargoyle (D:8)
  Joseph (D:7)
  2 trolls
  Prince Ribbit (D:7)
  A slime creature (D:10)
  A shadow (D:9)
  2 wyverns
  Eustachio (D:6)
  A vampire (D:10)
  A yak (D:10)
  2 steam dragons
  Edmund (D:4)
  An acid dragon (D:8)
  5 water moccasins
  Duvessa (D:6)
  A sky beast (D:6)
  A hornet zombie (D:7)
  A black bear (D:6)
  3 ogres
  2 necrophages (D:6)
  5 centaurs
  A lemure (D:8)
  A phantom (D:5)
  2 scorpions (D:4)
  A bullfrog (D:8)
  3 gnoll sergeants
  Dowan (D:6)
  17 wights
  3 howler monkeys (D:9)
  6 centaur zombies
  A bullfrog zombie (D:5)
  A jelly (D:5)
  A hound (D:5)
  4 orc priests
  A gnoll shaman (D:8)
  Natasha (thrice) (D:2)
  4 iguanas
  7 orc wizards
  A scorpion zombie (D:5)
  A killer bee zombie (D:8)
  A hound skeleton (D:4)
  A howler monkey zombie (D:9)
  18 gnolls
  8 adders
  A shadow imp (D:5)
  2 ufetubi
  A worm (D:3)
  2 dart slugs
  14 orcs
  6 bats
  8 endoplasms
  4 giant cockroaches
  8 goblins
  8 hobgoblins
  9 jackals (D:1)
  A quokka (D:4)
  5 ball pythons
  A frilled lizard (D:3)
  8 kobolds
203 creatures vanquished.

Vanquished Creatures (others)
  A killer bee zombie (D:9)
1 creature vanquished.

Grand Total: 204 creatures vanquished

Notes
Turn   | Place    | Note
-------+----------+-------------------------------------------
     0 | D:1      | avis the Octopode Transmuter began the quest for the Orb.
     0 | D:1      | Reached XP level 1. HP: 13/13 MP: 3/3
   233 | D:1      | Reached XP level 2. HP: 14/19 MP: 3/5
   261 | D:1      | Reached skill level 1 in Stealth
   721 | D:1      | Reached skill level 1 in Poison Magic
  1054 | D:1      | Reached XP level 3. HP: 22/24 MP: 4/6
  1071 | D:1      | Learned a level 3 spell: Spider Form
  1642 | D:2      | Found a blossoming altar of Fedhas.
  1672 | D:2      | Found a faded altar of an unknown god.
  1892 | D:2      | Noticed Natasha
  1905 | D:2      | Killed Natasha
  1906 | D:2      | Reached XP level 4. HP: 10/29 MP: 4/7
  2135 | D:2      | Reached skill level 4 in Unarmed Combat
  2221 | D:2      | Noticed Natasha
  2227 | D:2      | Killed Natasha
  2362 | D:2      | Noticed Natasha
  2376 | D:2      | Killed Natasha
  2377 | D:2      | Reached XP level 5. HP: 22/34 MP: 5/8
  2817 | D:3      | Reached skill level 5 in Unarmed Combat
  3653 | D:3      | Reached XP level 6. HP: 37/42 MP: 4/9
  3835 | D:3      | Found Revveep's Assorted Antiques.
  4002 | D:4      | Found a runed translucent door.
  4093 | D:4      | Noticed Edmund
  4311 | D:4      | Noticed SkiChan's ghost (novice MiFi)
  4639 | D:4      | Reached XP level 7. HP: 38/46 MP: 6/10
  4946 | D:4      | Killed Edmund
  4947 | D:4      | Reached skill level 6 in Unarmed Combat
  5308 | D:5      | Entered Level 5 of the Dungeon
  5710 | D:5      | Found a runed translucent door.
  5957 | D:5      | Found the +8 demon blade "Leech" {vamp, *Rage +Rage rN+}
  6584 | D:5      | Noticed Laraso's ghost (weakling TeDe)
  6599 | D:5      | Learned a level 4 spell: Ice Form
  6601 | D:6      | Found Peus's Antique Armour Shop.
  6775 | D:6      | Reached skill level 7 in Unarmed Combat
  6775 | D:6      | Reached XP level 8. HP: 54/54 MP: 8/11
  6873 | D:6      | Reached skill level 5 in Fighting
  6959 | D:6      | Reached skill level 1 in Shields
  7001 | D:6      | Found Rotas's Antique Weapon Shop.
  7146 | D:6      | Found Egecupog's Jewellery Shoppe.
  7164 | D:6      | Found Qoxelek's Magic Scroll Shop.
  7460 | D:6      | Noticed Dowan
  7478 | D:6      | Noticed Duvessa
  7651 | D:5      | Reached skill level 5 in Dodging
  7860 | D:6      | Killed Dowan
  7861 | D:6      | Reached XP level 9. HP: 48/61 MP: 9/12
  8283 | D:6      | Reached skill level 8 in Unarmed Combat
  8289 | D:6      | Noticed Eustachio
  8373 | D:6      | Killed Eustachio
  8743 | D:6      | Reached skill level 1 in Ice Magic
  8758 | D:6      | Killed Duvessa
  8881 | D:7      | Found a staircase to the Ecumenical Temple.
  8911 | Temple   | Entered the Ecumenical Temple
  9003 | Temple   | Became a worshipper of Gozag Ym Sagoz the Greedy
  9046 | D:6      | Bought a scroll of noise for 15 gold pieces
  9180 | D:3      | Bought a steaming copper amulet for 125 gold pieces
  9180 | D:3      | Identified the amulet "Jumom" {Acrobat +Inv rF+} (You
                  | bought it in a shop on level 3 of the Dungeon)
  9185 | D:3      | Bought a scroll labelled BINAQO GAWUOD for 25 gold pieces
  9318 | D:6      | Bought a scroll of fog for 30 gold pieces
  9425 | D:7      | Noticed Prince Ribbit
  9438 | D:7      | Killed Prince Ribbit
  9439 | D:7      | Reached skill level 5 in Transmutations
  9637 | D:7      | Noticed Joseph
  9652 | D:7      | Killed Joseph
  9871 | D:7      | Reached skill level 9 in Unarmed Combat
  9871 | D:7      | Reached XP level 10. HP: 49/66 MP: 10/13
 10340 | D:7      | Found a white marble altar of Elyvilon.
 10947 | D:6      | Bought a scroll of amnesia for 52 gold pieces
 10947 | D:6      | Bought a scroll of fear for 52 gold pieces
 10947 | D:6      | Bought a scroll of teleportation for 45 gold pieces
 10947 | D:6      | Bought a scroll of identify for 30 gold pieces
 10947 | D:6      | Bought a scroll of identify for 30 gold pieces
 10976 | D:8      | Noticed a gargoyle
 10988 | D:8      | Killed a gargoyle
 11324 | D:8      | Identified the +4 chain mail "Uqanecra" {Str+2}
 13220 | D:8      | Noticed Pikel
 13401 | D:8      | Killed Pikel
 13402 | D:8      | Reached skill level 10 in Unarmed Combat
 13676 | D:6      | Bought a scroll of enchant weapon for 112 gold pieces
 13809 | D:3      | Bought a scroll of identify for 50 gold pieces
 14478 | D:9      | Reached XP level 11. HP: 72/75 MP: 13/15
 15119 | D:3      | Bought a potion of heal wounds for 125 gold pieces
 15255 | D:6      | Bought a scroll of blinking for 112 gold pieces
 15255 | D:6      | Bought a scroll of fear for 52 gold pieces
 15274 | Temple   | Upgraded the game from 0.27-a0-1548-gf8a67e7463 to
                  | 0.27-a0-1555-g0e7b3fb1d2
 15426 | D:10     | Entered Level 10 of the Dungeon
 15668 | D:10     | Learned a level 7 spell: Dragon Form
 15809 | D:10     | Noticed a boulder beetle
 16429 | D:10     | Killed a boulder beetle
 16430 | D:10     | Reached skill level 11 in Unarmed Combat
 16820 | D:10     | Noticed a deep elf pyromancer
 16826 | D:10     | Noticed a tengu warrior
 16828 | D:10     | Killed a deep elf pyromancer
 16828 | D:10     | Noticed a deep elf pyromancer
 16830 | D:10     | Noticed a centaur warrior
 16834 | D:10     | HP: 3/75 [tengu warrior (24)]
 16834 | D:10     | Slain by a tengu warrior

Illustrated notes

Levels and vault maps discovered:
D:1:      scummos_arrival_checkerplants, layout_loops_corners,
          minmay_misc_feat_doors
D:2:      layout_rooms, shapermc_ecumenical_altar_mp_highgroup, basic_altar,
          uniq_natasha
D:3:      layout_loops_corners, serial_shops, nicolae_shop_overgrown_old_shop
D:4:      layout_rooms, ebering_ghost_sewer_d,
          lightli_ossuary_entry_decrepit_ruins, uniq_edmund
D:5:      layout_basic, ebering_ghost_reflecting_pool, minivault_5,
          bh_walls_and_bars
D:6:      layout_rooms, serial_shops, shop, shop_fountains, nicolae_square_shop,
          shop, minmay_chambers_of_fives, uniq_duvessa, uniq_eustachio
D:7:      layout_loops_cross, elyvilon_altar_1, minmay_temple_entry_offerings,
          uniq_prince_ribbit1, uniq_joseph
D:8:      layout_basic, uniq_pikel
D:9:      layout_rooms, serial_corexii_hall, corexii_hall_statues_s,
          corexii_hall_statues_i
D:10:     minmay_the_grid_octo_tiled_squarecenter
          [minmay_the_grid_octo_odd_swirl, minmay_the_grid_octo_pinwheel,
          minmay_the_grid_octo_clover_2, minmay_the_grid_octo_chip,
          minmay_the_grid_square_5x5_megaprize_checkered,
          minmay_the_grid_square_5x5_three, minmay_the_grid_square_5x5_eight,
          minmay_the_grid_square_5x5_plus, minmay_the_grid_square_5x5_one_wall],
          layout_rooms, special_room [special_room_orc],
          minmay_stone_trees_medium, kb_rosetta
Temple:   dpeg_three_leaves_temple

Skill      XL: |  1  2  3  4  5  6  7  8  9 10 11 |
---------------+----------------------------------+-----
Fighting       | 2 3 4 5 7 |  7.0
Stealth        | 2 3 |  3.0
Poison Magic   | 1 2 |  2.0
Unarmed Combat | 4 5 7 9 10 11 | 11.0
Dodging        | 3 5 6 |  6.5
Transmutations | 3 5 6 7 |  7.0
Shields        | 4 |  4.0
Ice Magic      | 4 |  4.0
Spellcasting   | 3 |  3.0
Evocations     | 3 |  3.0

Action                   |  1- 3 |  4- 6 |  7- 9 | 10-12 || total
-------------------------+-------+-------+-------+-------++-------
Melee: Unarmed           |    57 |    57 |   212 |   235 ||   561
       Constrict         |    22 |     8 |     6 |     2 ||    38
       Kick              |    11 |     6 |    10 |       ||    27
       Tentacles         |    11 |     4 |    12 |     1 ||    28
       Punch             |     1 |     2 |     3 |     1 ||     7
       Dagger            |    17 |    37 |    32 |       ||    86
 Cast: Beastly Appendage |    22 |    25 |    11 |       ||    58
       Spider Form       |     1 |    14 |    34 |    47 ||    96
       Ice Form          |       |       |       |     2 ||     2
 Abil: Evoke Invisibilit |       |       |       |     1 ||     1
  Use: Scroll            |       |     5 |     3 |     8 ||    16
       Potion            |       |       |     1 |       ||     1
 Stab: Sleeping          |     9 |    13 |     2 |     1 ||    25
       Distracted        |       |       |       |     2 ||     2
       Invisible         |       |       |       |     2 ||     2
Armor: Skin              |     4 |     3 |    10 |    16 ||    33
Dodge: Dodged            |    31 |    48 |   187 |   276 ||   542
Block: Buckler           |       |       |     2 |     7 ||     9

Table legend: (Time is in decaauts)
 A = Elapsed time spent in this place.
 B = Non-inter-level travel time spent in this place.
 C = Inter-level travel time spent in this place.
 D = Time resting spent in this place.
 E = Time spent auto-exploring this place.
 F = Levels seen in this place.
 G = Mean time per level.
                   A        B        C        D        E       F      G
               +--------+--------+--------+--------+--------+-----+--------+
         Total |  16809 |  14693 |   2116 |   6825 |   4561 |  11 | 1528.1 |
       Dungeon |  16624 |  14558 |   2066 |   6825 |   4496 |  10 | 1662.4 |
        Temple |    185 |    136 |     49 |      0 |     65 |   1 |  185.0 |
               +--------+--------+--------+--------+--------+-----+--------+

Top non-repeatable levels by time:
     D:8: 2549 daAuts
     D:5: 2302 daAuts
     D:7: 1996 daAuts
     D:3: 1915 daAuts
     D:6: 1804 daAuts
     D:9: 1702 daAuts
     D:1: 1588 daAuts
     D:4: 1361 daAuts
     D:2: 988 daAuts
    D:10: 416 daAuts
  Temple: 185 daAuts
